 Dungeon Sprint DCSS version 0.29-a0-330-g52719c12eb (webtiles) character file.

Game seed: 6068816288370767469

4421 jt the Fetichist (level 10, 0/81 HPs)
             Began as a Deep Dwarf Fighter on Apr 20, 2022.
             Was a High Priest of Okawaru.
             Killed from afar by a gargoyle (32 damage)
             ... with a stone arrow
             ... in the Dungeon (Sprint I: "Red Sonja").
             The game lasted 00:04:37 (462 turns).

jt the Fetichist (Deep Dwarf Fighter)                Turns: 462, Time: 00:04:38

Health: 0/81       AC: 11    Str: 22    XL:     10   Next: 14%
Magic:  17/17      EV:  6    Int:  9    God:    Okawaru [*****.]
Gold:   875        SH:  5    Dex: 14    Spells: 9/9 levels left

rFire   . . .      SeeInvis +   a - +0 war axe
rCold   . . .      Faith    .   c - +0 buckler
rNeg    . . .      Spirit   .   v - +0 plate armour
rPois   .          Reflect  .   (no helmet)
rElec   .          Harm     .   (no cloak)
rCorr   .          Rampage  .   (no gloves)
Will    +....      NoTele   +   (no boots)
Stlth   ..........              (no amulet)
HPRegen 0.00/turn               w - ring of see invisible
MPRegen 0.15/turn               (no ring)

@: mighty
A: damage resistance, heal wounds, sense surroundings 2, no regeneration
a: Heal Wounds, Renounce Religion, Heroism, Finesse


You were in the Dungeon.
You worshipped Okawaru.
Okawaru was extremely pleased with you.
You visited 1 branch You collected 963 gold pieces.
You spent 88 gold pieces at shops.

Inventory:

Hand Weapons
 a - a +0 war axe (weapon)
 i - a +0 scythe
 n - a +1 dagger of draining
Missiles
 o - 2 curare-tipped darts
 u - 2 boomerangs
 x - a javelin
 y - 2 silver javelins
Armour
 b - a +0 scale mail
 c - a +0 buckler (worn)
 v - a +0 plate armour (worn)
Jewellery
 m - an amulet of guardian spirit
 w - a ring of see invisible (left hand)
Wands
 k - a wand of iceblast (7)
 l - a wand of mindburst (16)
Scrolls
 j - a scroll of blinking
 p - a scroll of summoning {unknown}
 q - a scroll of magic mapping {unknown}
 r - a scroll of enchant weapon {unknown}
 s - a scroll of amnesia {unknown}
Potions
 e - 4 potions of curing
 f - a potion of heal wounds
 g - a potion of haste
 h - 2 potions of magic
 t - 2 potions of degeneration {unknown}


   Skills:
 - Level 2.6 Fighting
 + Level 15.6 Axes
 + Level 9.5 Throwing
 - Level 3.2 Armour
 - Level 6.0 Shields
 + Level 11.2 Invocations
 - Level 17.0 Evocations


You had 9 spell levels left.
You didn't know any spells.
Your spell library was empty.

Dungeon Overview and Level Annotations

Branches:
Dungeon (1/1)

Altars:
Cheibriados
Dithmenos
Elyvilon
Fedhas
Gozag
Hepliaklqana
Kikubaaqudgha
Makhleb
Nemelex Xobeh
Okawaru
Qazlal
Ru
Sif Muna
Trog
Uskayaw
Vehumet
Wu Jian
Xom
Yredelemnul
Zin
The Shining One
Jiyva
Lugonu

Shops:
D *=[


Innate Abilities, Weirdness & Mutations

You are resistant to damage.
You can heal yourself by infusing magical energy.
You passively map the area around you.
You do not regenerate.


Message History

You feel much better.
You open the door.
Aiming: Mindburst
Press: ? - help, Shift-Dir - straight line, f - demonic crawler
Aim: a demonic crawler (chance to affect: 44%)
Okay, then.
You slash the demonic crawler!
The demonic crawler is moderately wounded.
The demonic crawler hits you!
The demonic crawler hits you but does no damage.
The demonic crawler hits you.
You slash the demonic crawler!
The demonic crawler is heavily wounded.
The demonic crawler hits you. The demonic crawler hits you!
The demonic crawler completely misses you.
You slash the demonic crawler!
The demonic crawler is heavily wounded.
The demonic crawler hits you. You block the demonic crawler's attack.
The demonic crawler hits you but does no damage.
You hit the demonic crawler.
The demonic crawler is severely wounded.
The demonic crawler hits you but does no damage.
The demonic crawler hits you. x2
You barely miss the demonic crawler.
The demonic crawler is severely wounded.
The demonic crawler hits you! The demonic crawler barely misses you.
You block the demonic crawler's attack.
You hit the demonic crawler.
The demonic crawler is severely wounded.
You block the demonic crawler's attack. The demonic crawler hits you!
The demonic crawler hits you.
You slash the demonic crawler!
The demonic crawler is almost dead.
The demonic crawler shrieks in warning!
You slice the demonic crawler!!
You kill the demonic crawler!
Okawaru accepts your kill.
The gargoyle hurls a stone arrow at you.
The stone arrow hits you!!
You die...

################## * *
.#..'..#__#..')..# , ,,+
, .[..#..'..'..#).@# , *
'#####'#__####..†'9§# *
**
.#...#.####..#####k°§§#
*
##..##.#≈≈≈..#§§#*°####,
, _##'#_.'§≈§§§§..# ○, *
,,* ..'..._#≈§§§§#§.#
°☼, , *
_##_.#'##)#####+# *,.☼ ,
,, *, _###'#.#))..###, ,
○.# * * ####.####'###.##
, * , **


You could see a lindwurm and a gargoyle.

Vanquished Creatures
  2 centaur warriors (D)
  Sonja (D)
  A deep troll (D)
  4 demonic crawlers (D)
  2 kobold demonologists (D)
  A hornet (D)
  A slime creature (D)
  Sigmund (D)
  A yak (D)
  A floating eye (D)
  An ogre (D)
  A jelly (D)
  Ijyb (D)
18 creatures vanquished.

Vanquished Creatures (others)
  2 ballistomycete spores (D)
2 creatures vanquished.

Grand Total: 20 creatures vanquished

Notes
Turn   | Place    | Note
-------+----------+-------------------------------------------
     0 | D        | jt the Deep Dwarf Fighter began the quest for the Orb.
     0 | D        | Reached XP level 1. HP: 20/20 MP: 1/1
     2 | D        | Noticed Ijyb
    22 | D        | Killed Ijyb
    23 | D        | Reached skill level 5 in Shields
    23 | D        | Reached XP level 2. HP: 12/27 MP: 2/2
    27 | D        | Noticed an ogre
    32 | D        | Killed an ogre
    33 | D        | Reached skill level 6 in Evocations
    33 | D        | Reached XP level 3. HP: 33/33 MP: 3/3
    33 | D        | Reached XP level 4. HP: 40/40 MP: 4/4
    94 | D        | Noticed Sigmund
    97 | D        | Killed Sigmund
    98 | D        | Reached skill level 10 in Evocations
    98 | D        | Reached XP level 5. HP: 28/46 MP: 5/5
    98 | D        | Reached XP level 6. HP: 34/55 MP: 6/6
   112 | D        | Found a shimmering blue altar of Sif Muna.
   113 | D        | Found an ornate altar of the Wu Jian Council.
   114 | D        | Found a radiant altar of Vehumet.
   118 | D        | Reached skill level 10 in Axes
   145 | D        | Found Humir's Jewellery Emporium.
   145 | D        | Found an ancient bone altar of Kikubaaqudgha.
   145 | D        | Found a hazy altar of Hepliaklqana.
   145 | D        | Found a hide-covered altar of Uskayaw.
   145 | D        | Found a basalt altar of Yredelemnul.
   145 | D        | Found an opulent altar of Gozag.
   145 | D        | Found a snail-covered altar of Cheibriados.
   145 | D        | Found a sacrificial altar of Ru.
   145 | D        | Found a shadowy altar of Dithmenos.
   145 | D        | Noticed a yak
   155 | D        | Killed a yak
   156 | D        | Reached skill level 12 in Evocations
   156 | D        | Found a stormy altar of Qazlal.
   156 | D        | Found a blossoming altar of Fedhas.
   156 | D        | Found a bloodstained altar of Trog.
   156 | D        | Found an iron altar of Okawaru.
   156 | D        | Found a glowing golden altar of the Shining One.
   156 | D        | Found a glowing silver altar of Zin.
   156 | D        | Found a white marble altar of Elyvilon.
   157 | D        | Found a sparkling altar of Nemelex Xobeh.
   164 | D        | Became a worshipper of Warmaster Okawaru
   174 | D        | Noticed Sonja
   175 | D        | Killed Sonja
   175 | D        | Reached * piety under Okawaru
   176 | D        | Reached skill level 5 in Throwing
   176 | D        | Reached skill level 13 in Evocations
   176 | D        | Reached XP level 7. HP: 60/61 MP: 7/7
   199 | D        | Found Giet's Assorted Antiques.
   207 | D        | Bought a scroll labelled WIUN KAG UWU for 22 gold pieces
   207 | D        | Bought a scroll labelled QIOTZA ELEDIRA for 22 gold pieces
   207 | D        | Bought a scroll labelled CACVEM DEDWU for 22 gold pieces
   207 | D        | Bought a scroll labelled TOANACL IZEWK for 22 gold pieces
   250 | D        | Noticed a deep troll
   261 | D        | Killed a deep troll
   261 | D        | Reached ** piety under Okawaru
   261 | D        | Reached *** piety under Okawaru
   262 | D        | Reached skill level 14 in Evocations
   262 | D        | Reached XP level 8. HP: 58/68 MP: 5/11
   278 | D        | Found Venes's Armour Emporium.
   312 | D        | Noticed a centaur warrior
   312 | D        | Noticed a centaur warrior
   323 | D        | Killed a centaur warrior
   323 | D        | Reached **** piety under Okawaru
   324 | D        | Reached skill level 15 in Evocations
   324 | D        | Gained mutation: You passively map the area around you.
                  | [Deep Dwarf growth]
   324 | D        | Reached XP level 9. HP: 54/74 MP: 10/14
   324 | D        | Killed a centaur warrior
   324 | D        | Reached ***** piety under Okawaru
   325 | D        | Reached skill level 16 in Evocations
   346 | D        | Received a gift from Okawaru
   372 | D        | Found a viscous altar of Jiyva.
   372 | D        | Found a corrupted altar of Lugonu.
   373 | D        | Found a burning altar of Makhleb.
   373 | D        | Found a shimmering altar of Xom.
   398 | D        | Noticed a kobold demonologist
   399 | D        | Noticed a kobold demonologist
   406 | D        | Killed a kobold demonologist
   408 | D        | Noticed a rust devil
   409 | D        | Noticed a smoke demon
   410 | D        | Killed a kobold demonologist
   411 | D        | Reached skill level 15 in Axes
   411 | D        | Reached skill level 10 in Invocations
   417 | D        | Noticed a demonic crawler
   417 | D        | Noticed a demonic crawler
   417 | D        | Noticed a demonic crawler
   417 | D        | Noticed a demonic crawler
   430 | D        | Killed a demonic crawler
   430 | D        | Received a gift from Okawaru
   431 | D        | Reached skill level 17 in Evocations
   431 | D        | Reached XP level 10. HP: 27/81 MP: 17/17
   434 | D        | Noticed a gargoyle
   444 | D        | Noticed a lindwurm
   462 | D        | Killed from afar by a gargoyle

Illustrated notes

Levels and vault maps discovered:
D:        dungeon_sprint_1 [red_sonja_temple_1, red_sonja_temple_small_1]

Skill      XL: |  1  2  3  4  5  6  7  8  9 10 |
---------------+-------------------------------+-----
Axes           | 4 7 9 12 13 15 | 15.6
Shields        | 5 6 |  6.0
Evocations     | 6 10 13 14 15 17 | 17.0
Throwing       | 5 6 7 9 |  9.5
Invocations    | 4 7 10 11 | 11.2
Fighting       | |  2.6
Armour         | |  3.2

Action                   |  1- 3 |  4- 6 |  7- 9 | 10-12 || total
-------------------------+-------+-------+-------+-------++-------
Melee: War axe           |    23 |    12 |    42 |    23 ||   100
Throw: Dart              |       |       |     6 |       ||     6
       Javelin           |       |       |     2 |       ||     2
Invok: Heroism           |       |       |     3 |       ||     3
 Abil: Heal Wounds       |     1 |     3 |     3 |     4 ||    11
Evoke: Wand              |       |     2 |     2 |       ||     4
  Use: Potion            |     1 |       |       |     1 ||     2
Armor: Scale mail        |     4 |     1 |       |       ||     5
       Plate armour      |       |       |    21 |    14 ||    35
Dodge: Dodged            |     9 |     4 |    12 |     6 ||    31
Block: Buckler           |     6 |       |    10 |    13 ||    29

Table legend: (Time is in decaauts)
 A = Elapsed time spent in this place.
 B = Non-inter-level travel time spent in this place.
 C = Inter-level travel time spent in this place.
 D = Time resting spent in this place.
 E = Time spent auto-exploring this place.
 F = Levels seen in this place.
 G = Mean time per level.
                   A        B        C        D        E       F      G
               +--------+--------+--------+--------+--------+-----+--------+
         Total |    469 |    469 |      0 |     64 |      0 |   1 |  469.0 |
       Dungeon |    469 |    469 |      0 |     64 |      0 |   1 |  469.0 |
               +--------+--------+--------+--------+--------+-----+--------+

Top non-repeatable levels by time:
       D: 469 daAuts
